Map: [ESL] Data-C

Players

Serral - Winner!

  • Race: Zerg Zerg
  • Spawn Location: 3:00

HeroMarine

  • Race: Terran Terran
  • League: Master
  • Spawn Location: 9:00

Event: HomeStory Cup XXII

VOD

Have the link to the VOD?

Description

Time

  • Played on: Dec. 17, 2022, 3:26 p.m.
  • Length: 8:12

All games in this series

Show
View Real Time Build Order
Export as new Build Order

Serral Zerg - Winner!

Build Orders: Hatch First 

Get SALT Encoding   

  12  0:00  Drone  
  13  0:12  Overlord  
  13  0:16  Drone  
  14  0:30  Drone x2  
  16  0:47  Hatchery  
  15  0:51  Drone  
  15  0:54  Drone  
  17  0:58  Drone  
  18  1:08  Extractor  
  17  1:13  Spawning Pool  
  17  1:16  Drone  
  17  1:20  Drone  
  18  1:27  Drone  
  19  1:38  Drone  
  20  1:49  Drone  
  21  1:59  Queen x2  
  26  2:01  Zergling x2  
  26  2:02  Drone  
  27  2:10  Overlord  
  27  2:11  Zergling x2  
  28  2:23  Hatchery  
  28  2:26  Drone  
  28  2:28  Drone  
  29  2:34  Drone x2  
  31  2:37  Metabolic Boost  
  31  2:44  Queen  
  31  2:49  Overlord  
  33  2:51  Drone  
  33  2:55  Drone  
  33  2:56  Drone  
  36  3:07  Overlord  
  36  3:09  Drone  
  36  3:10  Drone x3  
  40  3:18  Queen, Drone x2  
  44  3:24  Queen  
  46  3:27  Drone  
  47  3:36  Queen  
  47  3:37  Overlord  
  47  3:40  Drone x3  
  52  3:43  Zergling x2  
  52  3:44  Drone  
  52  3:47  Overlord  
  54  3:49  Zergling x2  
  54  3:51  Drone  
  54  3:54  Overlord  
  56  3:58  Queen  
  58  4:05  Zergling x2  
  58  4:06  Drone x4  
  58  4:08  Drone  
  64  4:13  Overlord  
  64  4:14  Zergling x2  
  65  4:17  Drone x3  
  65  4:20  Drone x2  
  65  4:23  Drone  
  71  4:29  Queen  
  73  4:33  Zergling x2, Overlord  
  73  4:34  Drone  
  73  4:35  Drone x3  
  78  4:38  Lair  
  78  4:42  Baneling Nest  
  78  4:43  Queen  
  78  4:45  Drone  
  80  4:46  Drone  
  80  4:51  Overlord  
  80  4:52  Extractor  
  80  4:53  Extractor  
  80  4:57  Drone  
  80  4:58  Drone, Hatchery  
  80  5:01  Drone x2  
  80  5:02  Drone  
  80  5:06  Queen  
  85  5:08  Drone, Overlord  
  85  5:10  Drone  
  87  5:15  Drone  
  87  5:16  Drone x4  
  87  5:18  Extractor, Overlord  
  91  5:21  Overlord  
  91  5:24  Queen  
  91  5:27  Zergling x6  
  96  5:30  Overlord  
  96  5:35  Zergling x6, Evolution Chamber  
  98  5:36  Evolution Chamber  
  98  5:39  Centrifugal Hooks  
  98  5:41  Zergling x4  
  99  5:45  Overlord  
  99  5:46  Zergling x6  
  102  5:51  Overlord  
  102  5:54  Drone x5  
  102  5:55  Drone  
  108  5:58  Drone  
  107  6:04  Zerg Ground Armor Level 1, Zerg Melee Weapons Level 1  
  107  6:06  Drone x2  
  107  6:14  Drone x2  
  107  6:15  Zergling x18  
  116  6:20  Overseer  
  116  6:21  Overlord  
  116  6:25  Baneling x5  
  114  6:26  Drone  
  114  6:27  Queen, Drone x2  
  114  6:30  Drone  
  114  6:31  Pneumatized Carapace  
  120  6:33  Zergling x6  
  120  6:34  Extractor  
  120  6:37  Baneling x3  
  122  6:43  Infestation Pit  
  122  6:45  Drone  
  122  6:48  Zergling x14  
  122  6:53  Zergling x10  
  132  6:58  Hatchery  
  131  7:06  Spore Crawler x2  
  131  7:07  Spore Crawler  
  128  7:08  Spore Crawler  
  128  7:09  Overseer  
  128  7:10  Zergling x2  
  128  7:11  Zergling x14  
  135  7:16  Overseer  
  135  7:17  Drone x4  
  135  7:18  Drone x2  
  135  7:19  Drone  
  143  7:22  Zergling x2  
  143  7:23  Zergling x6  
  143  7:29  Zergling x12  
  137  7:35  Zergling x4  
  139  7:40  Zergling x8  
  142  7:45  Zergling x8  
  142  7:48  Zergling x4  
Show
View Real Time Build Order
Export as new Build Order

HeroMarine Terran 

Build Orders: Reaper Expand 

Get SALT Encoding   

  12  0:00  SCV  
  13  0:12  SCV  
  14  0:17  Supply Depot  
  14  0:24  SCV  
  15  0:38  SCV  
  15  0:40  Barracks  
  16  0:44  Refinery  
  16  0:50  SCV  
  17  1:03  SCV  
  18  1:15  SCV  
  19  1:27  Reaper, Orbital Command  
  20  1:39  Command Center  
  20  1:47  Supply Depot  
  20  1:53  SCV  
  21  1:59  Marine  
  22  2:05  SCV  
  23  2:09  Factory  
  23  2:17  SCV  
  23  2:20  Barracks Reactor  
  24  2:29  SCV  
  25  2:41  SCV  
  26  2:45  Command Center  
  26  2:51  Orbital Command  
  26  2:53  SCV  
  27  3:02  Barracks Tech Lab  
  27  3:03  Hellion x2  
  31  3:06  SCV  
  31  3:12  Barracks  
  32  3:18  SCV x2  
  34  3:22  Stimpack, Marine  
  35  3:28  Hellion  
  35  3:30  Hellion  
  35  3:32  SCV  
  40  3:34  SCV  
  40  3:37  Refinery  
  41  3:44  SCV  
  41  3:45  Refinery  
  41  3:46  SCV  
  43  3:52  Marine  
  44  3:56  SCV  
  44  3:58  SCV  
  44  4:00  Orbital Command  
  44  4:01  Starport  
  46  4:08  SCV  
  45  4:10  SCV  
  45  4:11  Factory Reactor, Marine  
  45  4:12  Marine x2  
  49  4:20  SCV  
  49  4:22  SCV  
  51  4:26  SCV  
  51  4:28  Supply Depot  
  51  4:30  Marine x2  
  51  4:31  Marine  
  55  4:32  SCV  
  55  4:34  SCV  
  57  4:38  SCV  
  57  4:44  Refinery  
  57  4:45  SCV  
  59  4:48  Marine x2  
  59  4:49  Supply Depot, Orbital Command  
  59  4:50  Marine  
  59  4:51  Medivac x2  
  59  4:52  Supply Depot  
  66  4:53  SCV  
  66  4:56  Factory Reactor  
  66  4:57  SCV  
  68  5:00  Factory  
  68  5:04  Armory  
  68  5:06  SCV  
  69  5:11  SCV, Marine x2  
  69  5:12  Marine  
  73  5:18  SCV x2  
  75  5:23  Engineering Bay, SCV  
  75  5:24  Engineering Bay  
  75  5:26  Combat Shield  
  76  5:28  Marine  
  76  5:30  Supply Depot, SCV x2  
  76  5:31  Marine  
  76  5:33  Marine  
  76  5:35  SCV  
  82  5:37  Widow Mine  
  82  5:42  SCV x2, Widow Mine  
  88  5:45  Factory Tech Lab  
  88  5:46  Marine  
  88  5:47  SCV  
  88  5:49  Supply Depot, Marine  
  91  5:54  SCV x2  
  91  5:55  Terran Infantry Armor Level 1, Terran Infantry Weapons Level 1  
  91  5:57  Medivac  
  95  6:05  SCV  
  95  6:06  SCV  
  95  6:08  SCV, Marine x3  
  95  6:09  Drilling Claws  
  95  6:10  Widow Mine  
  95  6:11  Widow Mine  
  102  6:13  Widow Mine  
  102  6:17  SCV  
  103  6:18  SCV  
  103  6:20  SCV  
  103  6:24  Supply Depot  
  104  6:27  Marine x3  
  104  6:29  Supply Depot, SCV  
  104  6:30  SCV  
  109  6:34  Supply Depot  
  109  6:38  Medivac, Widow Mine x3  
  117  6:45  SCV, Medivac  
  120  6:51  Barracks  
  120  6:53  Barracks, SCV x2  
  122  6:57  Marine x3  
  122  6:58  Barracks, SCV  
  122  7:00  Widow Mine  
  128  7:02  Refinery  
  128  7:03  Refinery  
  128  7:08  Widow Mine x2  
  132  7:11  SCV x3  
  132  7:14  Supply Depot  
  132  7:15  Marine x3  
  138  7:21  Widow Mine  
  140  7:23  Supply Depot, SCV  
  134  7:32  Widow Mine x2, Marine  
  134  7:33  Marine x2  
  134  7:36  Medivac  
  134  7:37  Medivac  
  137  7:43  Widow Mine  
  139  7:46  Marine x2  
  139  7:47  Marine  
  139  7:50  Marine x2  
  139  7:51  SCV x2, Marine  
Tags
 
Add a new tag
Caveats
  • Supply blocks, unpowered buildings, or Contaminate may cause inaccurate times.
  • Supply counts are checked every 10 seconds.